 Dungeon Crawl Stone Soup version 0.19.0 (webtiles) character file.

744 AlphabetPasta the Gusty (level 8, -3/52 HPs)
             Began as a Formicid Air Elementalist on Nov 16, 2016.
             Slain by a sky beast (6 damage)
             ... on level 6 of the Dungeon.
             The game lasted 00:28:06 (7588 turns).

AlphabetPasta the Gusty (Formicid Air Elementalist) Turns: 7588, Time: 00:28:06

Health: -3/52      AC:  4    Str: 14    XL:     8   Next: 5%
Magic:  1/14       EV: 12    Int: 16    God:
Gold:   245        SH:  0    Dex: 11    Spells: 4 memorised, 7 levels left

rFire  + . .     SeeInvis +     j - staff of fire
rCold  . . .     Gourm    +     a - +1 robe
rNeg   . . .     Faith    .     (no shield)
rPois  .         Spirit   .     (helmet unavailable)
rElec  .         Reflect  .     l - +0 cloak
rCorr  .         Harm     .     (no gloves)
MR     .....                    (no boots)
Stlth  ++........               d - amulet of the gourmand
                                (no ring)
                                (no ring)

@: very slightly contaminated, repel missiles
A: permanent stasis, dig shafts and tunnels, four strong arms, antennae 3
a: Dig, Shaft Self


You were on level 6 of the Dungeon.
You were very full.

You visited 1 branch of the dungeon, and saw 7 of its levels.

You collected 245 gold pieces.

Inventory:

Armour
 a - a +1 robe (worn)
 l - a +0 cloak (worn)
Magical Staves
 j - an uncursed staff of fire (weapon)
Jewellery
 d - an amulet of the gourmand (around neck)
 i - an uncursed amulet of regeneration
 k - an uncursed ring of flight {unknown}
Wands
 g - a wand of slowing (41/48)
Scrolls
 m - 4 scrolls of identify
 q - a scroll of fog
Potions
 e - 4 potions of curing
 n - a potion of might
 r - a potion of heal wounds
Books
 b - a book of Air

   Spells                             Type                      Level
   a - Shock                          Conjuration/Air              1
   b - Swiftness                      Charms/Air                   2
   c - Repel Missiles                 Charms/Air                   2
   d - Static Discharge               Conjuration/Air              3
   e - Lightning Bolt                 Conjuration/Air              5
Comestibles
 c - 3 bread rations
 f - a beef jerky
 h - 2 meat rations
 o - 3 fruits


   Skills:
 - Level 2.0 Staves
 + Level 2.3 Dodging
 - Level 2.4 Stealth
 + Level 4.4 Spellcasting
 + Level 3.1 Conjurations
 * Level 5.2 Air Magic
 - Level 1.0 Evocations


You had 7 spell levels left.
You knew the following spells:

 Your Spells              Type           Power        Failure   Level  Hunger
a - Shock                 Conj/Air       ###.         3%          1    None
b - Repel Missiles        Chrm/Air       ##....       10%         2    ##.....
c - Swiftness             Chrm/Air       ##......     10%         2    ##.....
d - Static Discharge      Conj/Air       ###.....     12%         3    ###....


Dungeon Overview and Level Annotations

Branches:
Dungeon (7/15)
 Temple: D:4-7

Altars:
Fedhas
Kikubaaqudgha
Trog
Uskayaw
Zin


Innate Abilities, Weirdness & Mutations

You are under a permanent stasis effect.
You can dig through walls and to a lower floor.
Your four strong arms can wield two-handed weapons with a shield.
You have a pair of large antennae on your head. (SInv)


Message History

Press: ? - help, Shift-Dir - straight line, f/p - bullfrog
Aim: a bullfrog (almost dead)
The zap hits the bullfrog.
You kill the bullfrog!
You have reached level 8!
You feel stronger.
You see here a bullfrog corpse.
You butcher the bullfrog corpse.
The sky beast flickers out of sight for a moment.
You see here a chunk of flesh.
Evoke which item? (* to show all) (? for menu, Esc to quit)
Zapping:
g - a wand of slowing {zapped: 5} (will waste charges)
Press: ? - help, Shift-Dir - straight line, f - sky beast
Aim: a sky beast (lightly wounded, slightly transparent, chance to defeat MR: 54%)
The sky beast resists with significant effort.
Evoking this partially-identified wand wasted a few charges.
The sky beast hits you.
* * * LOW HITPOINT WARNING * * *
The sky beast shocks you.
You die...

..[..#.......#
####.#####
#.#.##.#######
#....#
#......#
#.##.#
#.....##
#.####
#......# #.#
#...#..# #.#
#..##..# #.#
.... ..#
###########.#
.......@Y...#
#############


You could see a sky beast (invisible).

Vanquished Creatures
  A centaur (D:5)
  2 bullfrogs (D:6)
  A centaur zombie (D:5)
  3 orc priests (D:5)
  A hound (D:4)
  A centaur skeleton (D:4)
  2 orc wizards
  Jessica (D:2)
  2 iguanas
  3 worker ants
  3 adders
  3 oozes
  An adder skeleton (D:5)
  2 worms (D:2)
  2 dart slugs
  4 leopard geckos
  12 orcs
  6 bats
  A giant cockroach (D:2)
  6 hobgoblins
  4 jackals
  4 quokkas
  3 ball pythons
  4 frilled lizards
  10 goblins
  13 kobolds
  A quokka skeleton (D:5)
  5 rats
101 creatures vanquished.

Notes
Turn   | Place    | Note
-------+----------+-------------------------------------------
     0 | D:1      | AlphabetPasta the Formicid Air Elementalist began the quest for the Orb.
     0 | D:1      | Reached XP level 1. HP: 13/13 MP: 3/3
   214 | D:1      | Reached skill level 1 in Conjurations
   214 | D:1      | Reached XP level 2. HP: 8/19 MP: 0/5
   218 | D:1      | Learned a level 2 spell: Repel Missiles
   221 | D:1      | Learned a level 2 spell: Swiftness
   886 | D:1      | Reached skill level 3 in Air Magic
   908 | D:1      | Reached XP level 3. HP: 22/24 MP: 0/6
  1359 | D:2      | Reached XP level 4. HP: 30/30 MP: 2/7
  1381 | D:2      | You fall through a shaft for 2 floors!
  1983 | D:4      | You fall through a shaft for 3 floors!
  2250 | D:6      | Noticed a hand axe
  2250 | D:6      | Noticed a dagger
  2251 | D:6      | Found a hide-covered altar of Uskayaw.
  2267 | D:6      | Noticed a sky beast
  2307 | D:6      | Noticed a bullfrog
  2320 | D:6      | Killed a bullfrog
  2320 | D:6      | Reached XP level 5. HP: 13/35 MP: 1/9
  2557 | D:5      | Entered Level 5 of the Dungeon
  2898 | D:5      | Learned a level 3 spell: Static Discharge
  3365 | D:4      | Reached skill level 4 in Air Magic
  3484 | D:5      | Reached skill level 1 in Staves
  3484 | D:5      | Reached XP level 6. HP: 24/41 MP: 3/11
  4020 | D:2      | Noticed Jessica
  4024 | D:2      | Killed Jessica
  4455 | D:2      | Found a faded altar of an unknown god.
  4455 | D:2      | Found a faded altar of an unknown god.
  4460 | D:2      | Found a faded altar of an unknown god.
  4462 | D:2      | Found a faded altar of an unknown god.
  4463 | D:2      | Found a bloodstained altar of Trog.
  5196 | D:3      | Found a glowing silver altar of Zin.
  5387 | D:4      | Noticed an ogre
  5901 | D:4      | Found a blossoming altar of Fedhas.
  5902 | D:4      | Found an ancient bone altar of Kikubaaqudgha.
  5980 | D:4      | Reached XP level 7. HP: 46/46 MP: 3/12
  6400 | D:4      | Reached skill level 1 in Evocations
  7181 | D:5      | Reached skill level 5 in Air Magic
  7416 | D:5      | You fall through a shaft!
  7585 | D:6      | Reached XP level 8. HP: 3/52 MP: 0/14
  7588 | D:6      | Slain by a sky beast

Skill      XL: |  1  2  3  4  5  6  7 |
---------------+----------------------+-----
Conjurations   | 1 2 3 |  3.1
Air Magic      | 3 4 5 |  5.2
Spellcasting   | 3 4 |  4.4
Staves         | 1 2 |  2.0
Evocations     | 1 |  1.0
Dodging        | 2 |  2.3
Stealth        | |  2.4

Action                   |  1- 3 |  4- 6 |  7- 9 || total
-------------------------+-------+-------+-------++-------
Melee: Unarmed           |    73 |    30 |       ||   103
       Staff             |       |    17 |    31 ||    48
 Cast: Shock             |    56 |   156 |    79 ||   291
       Repel Missiles    |     1 |     1 |     2 ||     4
       Swiftness         |       |     2 |       ||     2
       Static Discharge  |       |       |     4 ||     4
 Abil: Shaft Self        |       |     2 |     1 ||     3
       Dig               |       |     1 |       ||     1
Evoke: Wand              |       |       |     3 ||     3
  Use: Scroll            |     6 |     8 |       ||    14
       Potion            |       |     5 |     1 ||     6
 Stab: Sleeping          |       |     2 |       ||     2
  Eat: Chunk             |     6 |    16 |     7 ||    29
       Meat ration       |       |     1 |       ||     1
Armor: Robe              |    17 |     6 |    12 ||    35
       Skin              |       |     3 |       ||     3
Dodge: Dodged            |    66 |    87 |    37 ||   190
       Deflected         |       |       |     2 ||     2
